 Dungeon Crawl Stone Soup version 0.13.0-6-g40e4d2d (webtiles) character file.

130 Leibowitz the Skirmisher (level 3, -5/26 HPs)
             Began as a Merfolk Wanderer on Oct 15, 2013.
             Slain by Terence
             ... wielding a +2,+2 flail of protection
              (8 damage)
             ... on Level 2 of the Dungeon.
             The game lasted 00:05:33 (1378 turns).

Leibowitz the Skirmisher (Merfolk Wanderer)         Turns: 1378, Time: 00:05:33

HP  -5/26        AC  2     Str 13      XL: 3   Next:  2%
MP   4/5         EV 12     Int  8      God:
Gold 106         SH  0     Dex 16      Spells:  1 memorised,  3 levels left

Res.Fire  : . . .   See Invis. : .   a - +0 orc dagger
Res.Cold  : . . .   Warding    : .   c - +0 robe
Life Prot.: . . .   Conserve   : .   (no shield)
Res.Poison: .       Res.Corr.  : .   (no helmet)
Res.Elec. : .       Clarity    : .   (no cloak)
Sust.Abil.: . .     Spirit.Shd : .   (no gloves)
Res.Mut.  : .       Stasis     : .   (no boots)
Res.Rott. : .       Flight     : .   (no amulet)
Saprovore : . . .                    (no ring)
                                     g - ring of invisibility

@: very slightly contaminated, not resistant to hostile enchantments, fairly
stealthy
A: change form in water, swift swim
a: Evoke Invisibility


You were on level 2 of the Dungeon.
You were hungry.

You visited 1 branch of the dungeon, and saw 2 of its levels.

You collected 56 gold pieces.

Inventory:

Hand weapons
 a - a +0,+0 orcish dagger (weapon)
 b - a +0,+0 spear (quivered)
Armour
 c - a +0 robe (worn)
Comestibles
 d - a bread ration
 l - a meat ration
Scrolls
 e - 2 scrolls of identify {unknown}
 f - a scroll of amnesia {unknown}
 h - a scroll of random uselessness {unknown}
 j - a scroll of teleportation {unknown}
 m - a scroll of enchant weapon II {unknown}
Jewellery
 g - a ring of invisibility (left hand)
Potions
 i - a potion of curing {unknown}
 k - a potion of speed {unknown}
Books
 n - a book of Minor Magic

   Spells                             Type                      Level
   *Magic Dart                        Conjuration                  1
   Blink                              Translocation                2
   Call Imp                           Summoning                    2
   Repel Missiles                     Charms/Air                   2
   Slow                               Hexes                        2
   Conjure Flame                      Conjuration/Fire             3
   Mephitic Cloud                     Conjuration/Poison/Air       3


   Skills:
 * Level 4.1 Fighting
 * Level 0.2 Short Blades
 * Level 1.1 Dodging
 * Level 0.8 Stealth
 - Level 1.0 Spellcasting
   Level 2.0 Hexes
   Level 2.1 Poison Magic
 + Level 2.0 Evocations


You had 3 spell levels left.
You knew the following spells:

 Your Spells              Type           Power        Failure   Level  Hunger
a - Magic Dart            Conj           #...         43%         1    ##.....


Dungeon Overview and Level Annotations

Branches:
Dungeon (2/27)

Altars:
Ashenzari

Annotations:
D:2 Terence


Message History

You hit Terence but do no damage.
Terence is lightly wounded.
Terence hits you with a runed flail.
You closely miss Terence.
Terence is lightly wounded.
You flicker for a moment.
You hit Terence but do no damage.
Terence is lightly wounded.
Terence hits you with a runed flail.
You catch the helpless Terence completely off-guard!
You hit Terence but do no damage.
Terence is lightly wounded.
Terence hits you with a runed flail!
* * * LOW HITPOINT WARNING * * *
You flicker back into view.
Terence hits you but does no damage.
You hit Terence but do no damage.
Terence is lightly wounded.
Terence hits you with a runed flail!
You die...

#.# #.# #.### #.#
#...# ##.# ### ###.#
.?. ..# #.# ##.###.#
# #%# ....#.# ..#
#.######$#.#.# ...#
#......#<#.#.##....#
######.#@@....%......
#.#.#.#.##....#
#(#.#.#.# .
###.#...#.#
#.....###.#
#.........#
#........##
#........# #####....#


You could see Terence.

Vanquished Creatures
  An adder (D:2)
  2 ball pythons
  3 bats (D:1)
  A giant cockroach (D:2)
  3 hobgoblins (D:2)
  3 giant newts
  A kobold (D:1)
  4 rats (D:1)
18 creatures vanquished.

Notes
Turn   | Place    | Note
--------------------------------------------------------------
     0 | D:1      | Leibowitz, the Merfolk Wanderer, began the quest for the Orb.
     0 | D:1      | Reached XP level 1. HP: 14/14 MP: 2/2
   396 | D:1      | Reached XP level 2. HP: 20/20 MP: 3/3
   593 | D:1      | Found a shattered altar of Ashenzari.
   764 | D:2      | Reached skill level 4 in Fighting
   997 | D:2      | Reached skill level 1 in Dodging
  1248 | D:2      | Reached XP level 3. HP: 22/26 MP: 1/5
  1258 | D:2      | Noticed Terence
  1378 | D:2      | Slain by Terence

Action                   || total
-------------------------++-------
Melee: Spear             ||    48
       Dagger            ||    60
 Abil: Evoke Invisibilit ||     4
  Use: Potion            ||     1
 Stab: Sleeping          ||     1
       Invisible         ||     5
